Map: Orbital Shipyard

Players

calomando

  • Race: Zerg Zerg
  • League: Gold

avilo - Winner!

  • Race: Protoss Protoss
  • League: Diamond

Event: Lycan League Weekly August #2

VOD

Have the link to the VOD?

Description

Time

  • Played on: Aug. 10, 2015, 12:23 p.m.
  • Length: 12:37

All games in this series

Show
View Real Time Build Order
Export as new Build Order

calomando Zerg 

Build Orders: Hatch First, Lurkers 

Get SALT Encoding   

  12  0:00  Drone  
  13  0:12  Overlord  
  13  0:18  Drone  
  14  0:30  Drone  
  14  0:31  Drone  
  14  0:34  Drone  
  17  0:45  Drone  
  18  0:55  Hatchery  
  17  0:58  Drone  
  18  1:11  Spawning Pool  
  18  1:15  Drone  
  18  1:25  Drone  
  19  1:29  Drone, Extractor  
  19  1:42  Drone  
  20  1:49  Overlord  
  20  1:57  Queen  
  22  2:09  Drone x2, Queen  
  22  2:12  Drone  
  27  2:18  Drone  
  27  2:22  Drone  
  30  2:30  Drone  
  30  2:32  Overlord  
  30  2:33  Metabolic Boost  
  30  2:41  Drone  
  30  2:42  Roach Warren  
  30  2:43  Drone  
  30  2:45  Queen  
  32  2:54  Drone x2  
  30  3:14  Drone  
  30  3:15  Drone x3  
  30  3:18  Drone x3  
  37  3:22  Overlord  
  37  3:29  Drone  
  39  3:34  Drone  
  39  3:37  Overlord  
  39  3:44  Drone  
  39  3:47  Drone x3  
  39  3:48  Drone  
  44  3:56  Hatchery  
  44  4:00  Queen  
  47  4:03  Lair  
  45  4:11  Overlord  
  45  4:13  Extractor  
  45  4:15  Extractor  
  44  4:17  Drone x3  
  46  4:35  Overlord  
  46  4:36  Drone x3  
  49  4:43  Drone x2  
  51  4:45  Drone  
  51  4:46  Drone x2, Extractor  
  53  4:52  Queen  
  55  5:03  Overlord, Hydralisk Den  
  55  5:05  Queen  
  56  5:10  Queen  
  56  5:11  Drone x4  
  56  5:12  Drone x2  
  64  5:18  Overseer  
  64  5:23  Drone x8  
  72  5:30  Lurker Den  
  72  5:39  Overlord  
  72  5:41  Overlord, Hydralisk  
  72  5:42  Hydralisk x4  
  80  5:46  Pneumatized Carapace  
  82  6:15  Overlord  
  82  6:16  Drone x4  
  86  6:29  Hydralisk x4  
  86  6:31  Overlord, Drone  
  95  6:35  Extractor  
  95  6:36  Extractor  
  95  6:37  Evolution Chamber  
  95  6:38  Evolution Chamber  
  95  6:39  Hydralisk x7  
  93  6:46  Overlord  
  105  6:48  Infestation Pit  
  105  6:53  Overlord x3  
  104  6:54  Overlord x2  
  104  7:04  Drone x3  
  107  7:12  Overlord x3  
  107  7:14  Lurker x2  
  107  7:15  Lurker x2  
  111  7:17  Zerg Missile Weapons Level 1  
  111  7:29  Overlord  
  111  7:32  Drone x5  
  111  7:36  Hydralisk x3  
  118  7:37  Hatchery  
  118  7:38  Roach  
  118  7:39  Roach x7  
  137  7:58  Overseer  
  137  8:01  Glial Reconstitution, Muscular Augments  
  137  8:04  Overlord  
  137  8:14  Overlord  
  137  8:20  Zerg Ground Armor Level 1  
  137  8:23  Ravager x3  
  137  8:26  Overlord  
  137  8:27  Zergling x20  
  141  8:28  Zergling x6  
  141  8:29  Drone, Zergling x6  
  141  8:34  Extractor  
  156  8:36  Extractor  
  156  8:37  Overlord  
  155  9:00  Burrow  
  155  9:33  Baneling Nest  
  155  9:34  Hive  
  155  9:36  Zerg Missile Weapons Level 2  
  154  9:39  Overlord  
  154  9:41  Overlord  
  154  9:42  Drone x5  
  154  9:43  Drone  
  160  9:58  Hydralisk x3  
  160  9:59  Hydralisk x3  
  170  10:06  Spire  
  161  10:07  Hatchery  
  161  10:09  Hatchery  
  161  10:11  Queen  
  161  10:17  Ravager x3  
  161  10:18  Ravager x2, Hydralisk  
  161  10:19  Hydralisk x10  
  171  10:51  Hatchery  
  170  11:04  Viper x4  
  170  11:07  Pathogen Glands  
Show
View Real Time Build Order
Export as new Build Order

avilo Protoss - Winner!

Build Orders:  

Get SALT Encoding   

  12  0:00  Probe  
  13  0:14  Pylon  
  13  0:18  Probe  
  14  0:32  Probe (Chrono Boost)  
  14  0:34  Gateway  
  16  0:43  Assimilator  
  16  0:44  Probe (Chrono Boost)  
  16  0:50  Probe (Chrono Boost)  
  17  1:01  Probe (Chrono Boost)  
  17  1:03  Gateway  
  18  1:13  Probe (Chrono Boost)  
  19  1:20  Probe (Chrono Boost)  
  19  1:23  Cybernetics Core  
  20  1:30  Probe  
  20  1:31  Pylon  
  21  1:42  Probe  
  22  1:54  Probe  
  22  1:59  Adept (Chrono Boost)  
  27  2:01  Warp Gate  
  27  2:06  Probe (Chrono Boost)  
  27  2:07  Adept (Chrono Boost)  
  29  2:17  Probe (Chrono Boost)  
  29  2:23  Nexus  
  29  2:31  Pylon  
  29  2:34  Assimilator  
  29  2:37  Probe (Chrono Boost)  
  30  2:50  Probe (Chrono Boost)  
  31  2:58  Probe (Chrono Boost)  
  32  3:07  Probe (Chrono Boost), Adept  
  32  3:08  Adept  
  32  3:09  Stargate  
  37  3:19  Probe (Chrono Boost), Pylon  
  36  3:26  Probe (Chrono Boost)  
  37  3:27  Forge  
  37  3:37  Probe (Chrono Boost)  
  37  3:39  Mothership Core (Chrono Boost)  
  40  3:49  Probe (Chrono Boost)  
  40  3:52  Void Ray  
  45  3:59  Probe (Chrono Boost)  
  45  4:00  Probe (Chrono Boost)  
  45  4:01  Assimilator  
  47  4:09  Probe (Chrono Boost)  
  49  4:11  Photon Cannon  
  49  4:14  Sentry, Probe (Chrono Boost)  
  51  4:19  Probe (Chrono Boost)  
  51  4:22  Probe (Chrono Boost)  
  51  4:23  Assimilator  
  53  4:26  Pylon  
  53  4:28  Probe (Chrono Boost)  
  54  4:32  Sentry  
  54  4:33  Probe (Chrono Boost)  
  58  4:42  Probe (Chrono Boost)  
  58  4:43  Gateway  
  59  4:47  Probe (Chrono Boost)  
  59  4:49  Sentry, Gateway, Pylon  
  59  4:50  Probe (Chrono Boost), Protoss Ground Weapons Level 1 (Chrono Boost)  
  62  4:56  Probe (Chrono Boost)  
  62  4:57  Probe (Chrono Boost)  
  62  4:58  Pylon  
  64  5:06  Adept  
  68  5:07  Probe (Chrono Boost)  
  68  5:11  Probe (Chrono Boost)  
  68  5:14  Twilight Council  
  68  5:19  Probe x2 (Chrono Boost), Adept  
  72  5:26  Robotics Facility  
  72  5:33  Probe (Chrono Boost)  
  74  5:39  Probe (Chrono Boost)  
  74  5:40  Nexus  
  75  5:43  Probe (Chrono Boost)  
  75  5:47  Pylon  
  75  5:49  Pylon  
  75  5:51  Sentry  
  75  5:53  Pylon  
  77  6:00  Probe  
  77  6:01  Probe, Pylon  
  79  6:08  Gateway  
  79  6:13  Probe x2, Gateway  
  79  6:16  Observer  
  82  6:20  Gateway  
  82  6:25  Probe x2  
  84  6:30  Shield Upgrade  
  84  6:36  Fleet Beacon  
  84  6:37  Probe, Observer  
  84  6:39  Protoss Ground Weapons Level 2 (Chrono Boost)  
  86  6:40  Stargate  
  86  6:44  Probe  
  87  6:49  Probe  
  87  6:52  Probe  
  89  6:56  Adept  
  89  6:59  Carrier (Chrono Boost)  
  89  7:00  Assimilator  
  91  7:04  Assimilator  
  91  7:08  Probe  
  92  7:12  Carrier (Chrono Boost)  
  98  7:26  Probe  
  105  7:30  Adept  
  105  7:32  Adept  
  109  7:38  Pylon  
  109  7:40  Pylon  
  109  7:41  Graviton Catapult (Chrono Boost)  
  109  7:48  Adept x4  
  109  7:49  Adept  
  119  8:00  Carrier (Chrono Boost)  
  119  8:03  Stargate  
  119  8:05  Pylon  
  119  8:07  Gateway  
  119  8:09  Gateway  
  119  8:11  Carrier (Chrono Boost)  
  125  8:20  Pylon  
  125  8:29  Warp Prism (Chrono Boost)  
  133  8:40  Carrier (Chrono Boost)  
  133  8:43  Protoss Ground Weapons Level 3  
  133  8:57  Gateway  
  133  9:01  Pylon  
  133  9:03  Pylon  
  133  9:04  Carrier (Chrono Boost)  
  139  9:14  Carrier (Chrono Boost)  
  145  9:31  Nexus  
  145  9:33  Pylon  
  145  9:35  Pylon  
  145  9:36  Pylon  
  151  9:40  Protoss Air Weapons Level 1 (Chrono Boost)  
  151  9:51  Carrier (Chrono Boost)  
  151  9:58  Carrier (Chrono Boost)  
  151  10:04  Nexus  
  151  10:11  Nexus  
  157  10:14  Pylon  
  157  10:17  Zealot, Pylon  
  157  10:18  Zealot x5  
  157  10:19  Zealot x4  
  182  10:30  Carrier (Chrono Boost)  
  182  10:38  Zealot x4  
  180  10:49  Carrier (Chrono Boost)  
  176  10:57  Carrier (Chrono Boost)  
  168  11:02  Stalker  
  182  11:16  Templar Archives  
  182  11:18  Adept  
  182  11:19  Adept x3  
  182  11:24  Assimilator  
  190  11:28  Assimilator  
  190  11:31  Photon Cannon  
  190  11:32  Gateway  
  188  11:34  Gateway  
  188  11:55  High Templar x2  
  188  11:59  Tempest (Chrono Boost), Archon  
  194  12:25  Adept x4  

Tags
 
Add a new tag
Caveats
  • Supply blocks, unpowered buildings, or Contaminate may cause inaccurate times.
  • Supply counts are checked every 10 seconds.